 Dungeon Crawl Stone Soup version 0.31-a0-164-g2312942fda (webtiles) character file.

Game seed: 18433640067614654465

7165 Hubris850 the Devastator (level 11, -17/55 HPs)
             Began as a Tengu Conjurer on June 13, 2023.
             Was a Priest of Ashenzari.
             Demolished by a komodo dragon (24 damage)
             ... on level 9 of the Dungeon.
             The game lasted 00:35:03 (11819 turns).

Hubris850 the Devastator (Tengu Conjurer)          Turns: 11819, Time: 00:35:04

Health: -17/55     AC:  3    Str: 13    XL:     11   Next: 11%
Magic:  0/29       EV: 15    Int: 23    God:    Ashenzari [***...]
Gold:   408        SH:  0    Dex: 13    Spells: 20/37 levels left

rFire   . . .        w - +4 long sword
rCold   . . .        (no shield)
rNeg    . . .        a - +0 robe of Supernal Wisdom {Bglg, Self} (curse)
rPois   .            (helmet restricted)
rElec   .            (no cloak)
rCorr   .            l - +0 pair of gloves "Unveiling Sophism" {Comp, Self} (curse)
SInv    +            (boots unavailable)
Will    +....        u - amulet "Perceptive Trepidation" {Spirit, Fort, Cun} (curse)
Stlth   ++           g - ring of Ashenzari's Comet {Str+6, Melee, Evo} (curse)
HPRegen 0.29/turn    p - ring of Cremastomancy {Will+, Self, Melee} (curse)
MPRegen 0.21/turn

%: clarity, guardian spirit
@: flying quickly and evasively, quick
A: beak, talons 3, nimble flight
a: Renounce Religion, Curse Item, Shatter the Chains


You were on level 9 of the Dungeon.
You worshipped Ashenzari.
Ashenzari was most pleased with you.
You visited 1 branch of the dungeon, and saw 9 of its levels.

You collected 408 gold pieces.

Inventory:

Hand Weapons
 e - a +1 war axe of flaming
 w - a +4 long sword (weapon)
 y - a +4 long sword
 E - a +1 demon whip of venom
Missiles
 A - a curare-tipped dart
Armour
 a - the cursed +0 robe of Supernal Wisdom (worn) {Bglg, Self}

   It has a curse which improves the following skills: Beguiling: Conjurations,
   Hexes and Translocations.
   Introspection: Fighting and Spellcasting.
 l - the cursed +0 pair of gloves "Unveiling Sophism" (worn) {Comp, Self}
   (You found it on level 2 of the Dungeon)

   It has a curse which improves the following skills: Companions: Summonings
   and Necromancy.
   Introspection: Fighting and Spellcasting.
 x - a +2 leather armour of fire resistance
 D - +0 steam dragon scales
 F - +0 acid dragon scales
Magical Staves
 C - a staff of cold
Jewellery
 g - the cursed ring of Ashenzari's Comet (left hand) {Str+6, Melee, Evo}
   (You found it on level 1 of the Dungeon)

   [ring of strength]

   Str:       It affects your strength (+6).
   It has a curse which improves the following skills: Melee Combat: Short
   Blades, Long Blades, Axes, Maces & Flails, Polearms, Staves and Unarmed
   Combat.
   Evocations: Evocations.
 p - the cursed ring of Cremastomancy (right hand) {Will+, Self, Melee}
   (You found it on level 4 of the Dungeon)

   [ring of willpower]

   Will:      It increases your willpower.
   It has a curse which improves the following skills: Introspection: Fighting
   and Spellcasting.
   Melee Combat: Short Blades, Long Blades, Axes, Maces & Flails, Polearms,
   Staves and Unarmed Combat.
 u - the cursed amulet "Perceptive Trepidation" (around neck) {Spirit, Fort, Cun}
   (You found it on level 7 of the Dungeon)

   [amulet of guardian spirit]

   It causes incoming damage to be divided between your reserves of health and
   magic.
   It has a curse which improves the following skills: Fortitude: Armour and
   Shields.
   Cunning:   Dodging and Stealth.
Wands
 s - a wand of acid (6)
 t - a wand of flame (8)
 z - a wand of mindburst (4)
 B - a wand of digging (7)
Scrolls
 c - 3 scrolls of teleportation
 d - 10 scrolls of identify
 f - a scroll of silence
 h - a scroll of revelation
 j - 2 scrolls of poison
 m - 2 scrolls of enchant weapon
 r - 2 scrolls of enchant armour
 v - 3 scrolls of fog
Potions
 b - a potion of magic
 i - 3 potions of mutation
 k - a potion of resistance
 n - a potion of might
 o - 2 potions of brilliance
 q - a potion of invisibility


   Skills:
 - Level 3.5(5.5) Short Blades
 - Level 2.1(3.3) Dodging
 - Level 2.0(3.1) Stealth
 + Level 10.5(13.5) Spellcasting
 + Level 15.1(16.5) Conjurations
 - Level 3.2(4.5) Summonings
 - Level 4.0 Air Magic


You had 20 spell levels left.
You knew the following spells:

 Your Spells              Type           Power      Damage    Failure   Level
a - Magic Dart            Conj           100%       1d8       0%          1
b - Searing Ray           Conj           100%       2d8       0%          2
c - Summon Small Mammal   Summ           100%       N/A       1%          1
d - Fulminant Prism       Conj/Hex       26%        3d13      1%          4
e - Iskenderun's Mystic   Conj/Tloc      52%        2d11      1%          4
f - Arcjolt               Conj/Air       29%        1d39      1%          5

Your spell library contained the following spells:

 Spells                   Type           Power      Damage    Failure   Level
 Shock                    Conj/Air       100%       1d9       1%          1
 Dazzling Flash           Conj/Hex       100%       N/A       1%          3
 Swiftness                Air            33%        N/A       2%          3
 Apportation              Tloc           32%        N/A       3%          1
 Necrotise                Necr           64%        1d7       3%          1
 Vhi's Electric Charge    Tloc/Air       50%        N/A       4%          3
 Sublimation of Blood     Necr           16%        N/A       5%          2
 Ensorcelled Hibernation  Hex/Ice        30%        N/A       6%          2
 Wereblood                Tmut           15%        N/A       6%          2
 Airstrike                Air            16%        2d(3-19)  8%          4
 Spider Form              Tmut/Pois      15%        N/A       12%         3
 Anguish                  Hex/Necr       8%         N/A       36%         4
 Plasma Beam              Fire/Air       12%        2x1d23    95%         6
 Summon Hydra             Summ           18%        N/A       99%         7


Dungeon Overview and Level Annotations

Branches:
Dungeon (9/15)             Temple (0/1) D:6
   Lair: D:8-11         Orc: D:9-12

Altars:
Ashenzari
Cheibriados
Dithmenos
Elyvilon
Fedhas
Gozag
Hepliaklqana
Nemelex Xobeh
Sif Muna
Uskayaw
Vehumet
Zin

Shops:
D:5 [   D:7 =

Annotations:
D:5 2 transporters, AwFulAwFulPlayer's ghost, novice DsCK
D:9 1 runed translucent door


Innate Abilities, Weirdness & Mutations

You have a beak for a mouth.
You have claws for feet.
Your magical nature lets you fly swiftly and evasively.


Message History

The searing ray hits the komodo dragon.
The komodo dragon is lightly wounded.
The searing ray hits the komodo dragon.
The komodo dragon is lightly wounded.
The komodo dragon bites you!
The searing ray hits the komodo dragon!
The komodo dragon is heavily wounded.
You finish channelling your searing ray.
The komodo dragon bites you!
Casting: Searing Ray (safe; 0% risk of failure)
Confirm with . or Enter, or press ? or * to list all spells.
Aiming: Fulminant Prism (dangerous; 1% risk of failure)
Press: ? - help, Dir - move target, p - komodo dragon You conjure a prism of explosive energy!
A fulminant prism comes into view.
The komodo dragon bites you!!
Unknown command.
You hit the komodo dragon but do no damage.
The komodo dragon is heavily wounded.
The komodo dragon barely misses you.
Your fulminant prism crackles loudly.
Unknown command.
You closely miss the komodo dragon. Your kick misses the komodo dragon.
You punch the komodo dragon.
The komodo dragon is heavily wounded.
The komodo dragon bites you!!
* * * LOW HITPOINT WARNING * * *
Your fulminant prism explodes!
The blast of energy engulfs the komodo dragon!!
The komodo dragon is almost dead.
The komodo dragon closely misses you.
You hear a shout!
Casting: Fulminant Prism (dangerous; 1% risk of failure)
Confirm with . or Enter, or press ? or * to list all spells.
Aiming: Magic Dart (safe; 0% risk of failure)
Press: ? - help, Shift-Dir - straight line The magic dart hits the komodo dragon.
The komodo dragon is almost dead.
The komodo dragon bites you!!
You die...

* , * * .#.##. **,
.# , *, ...#..** ..
* , #.... * , * * .#
,**## *#...### ., ,
.#
..*#..*......#....
.. ,
...#..##..........#
, ..
..................#
* .. ,,
,......l@........<..
, ,, #++ *
....##...###.......,
.. , ,.,,
*#.....#......., **
..
......#...........**
*, ,
.....####.....#####
* ..... ##....#...#
, *..... *
#.....#._.# , ,
.....
**##....#§.§#,, #
#.....#.##..####§##
*


You could see a komodo dragon.

Vanquished Creatures
  Amaemon (D:8)
  Joseph (D:8)
  An orange demon (D:7)
  Maggie (D:7)
  A komodo dragon (D:9)
  2 trolls
  Sigmund (D:6)
  A vampire (D:8)
  6 yaks
  4 vampire mosquitoes
  An acid dragon (D:9)
  Duvessa (D:6)
  A water moccasin (D:5)
  2 black bears
  2 orc warriors
  An ice beast (D:7)
  A sky beast (D:8)
  2 ogres (D:5)
  2 centaurs
  2 kobold brigands
  A bullfrog (D:9)
  8 wights
  4 scorpions
  Dowan (D:6)
  9 killer bees
  3 jellies
  5 orc priests
  A gnoll bouda (D:7)
  4 sleepcaps
  5 iguanas
  5 orc wizards
  5 gnolls (D:7)
  8 adders
  3 white imps
  7 dart slugs
  29 orcs
  6 bats
  5 endoplasms
  7 giant cockroaches
  13 goblins
  3 hobgoblins
  31 kobolds
  4 quokkas
  9 ball pythons
  3 frilled lizards
  11 rats
224 creatures vanquished.

Vanquished Creatures (others)
  18 fulminant prisms
18 creatures vanquished.

Grand Total: 242 creatures vanquished

Notes
Turn   | Place    | Note
-------+----------+-------------------------------------------
     0 | D:1      | Hubris850 the Tengu Conjurer began the quest for the Orb.
     0 | D:1      | Reached XP level 1. HP: 10/10 MP: 4/4
   127 | D:1      | Reached XP level 2. HP: 15/15 MP: 3/6
   407 | D:1      | Reached XP level 3. HP: 17/19 MP: 1/7
   506 | D:1      | Reached skill level 6 in Conjurations
   772 | D:1      | Found a faded altar of an unknown god.
   782 | D:1      | Prayed at the altar of an unknown god.
   782 | D:1      | Became a worshipper of Ashenzari the Shackled
   797 | D:1      | Learned a level 2 spell: Searing Ray
  1361 | D:2      | Learned a level 1 spell: Summon Small Mammal
  1553 | D:2      | Reached * piety under Ashenzari
  1609 | D:2      | Reached XP level 4. HP: 24/24 MP: 6/10
  2072 | D:2      | Found a radiant altar of Vehumet.
  2373 | D:3      | Found a glowing silver altar of Zin.
  2489 | D:3      | Reached ** piety under Ashenzari
  2826 | D:3      | Gained mutation: Your magical nature lets you fly swiftly
                  | and evasively. [Tengu growth]
  2826 | D:3      | Reached XP level 5. HP: 28/28 MP: 8/13
  2908 | D:3      | Found a white marble altar of Elyvilon.
  2909 | D:3      | Found a snail-covered altar of Cheibriados.
  3008 | D:4      | Reached skill level 1 in Short Blades
  3239 | D:4      | Reached skill level 7 in Conjurations
  3239 | D:4      | Reached skill level 1 in Summonings
  3343 | D:4      | Found a shadowy altar of Dithmenos.
  3446 | D:4      | Reached *** piety under Ashenzari
  3973 | D:4      | Noticed a black bear
  3979 | D:4      | Killed a black bear
  3980 | D:4      | Reached XP level 6. HP: 32/32 MP: 8/16
  4251 | D:5      | Entered Level 5 of the Dungeon
  4350 | D:5      | Noticed a hornet
  4356 | D:5      | Noticed a water moccasin
  4363 | D:5      | Killed a water moccasin
  4364 | D:5      | Reached XP level 7. HP: 9/36 MP: 8/17
  4444 | D:5      | Found a transporter.
  4466 | D:5      | Found Rot Ybir's Armour Emporium.
  4565 | D:5      | Noticed a troll
  4577 | D:5      | Learned a level 4 spell: Fulminant Prism
  4582 | D:5      | Learned a level 4 spell: Iskenderun's Mystic Blast
  4595 | D:5      | Killed a troll
  4596 | D:5      | Reached skill level 8 in Conjurations
  4597 | D:5      | Reached skill level 5 in Spellcasting
  4856 | D:5      | Reached skill level 9 in Conjurations
  4908 | D:5      | Reached XP level 8. HP: 32/41 MP: 8/20
  5535 | D:5      | Found a transporter.
  5535 | D:5      | Noticed AwFulAwFulPlayer's ghost (novice DsCK)
  6106 | D:6      | Found an opulent altar of Gozag.
  6128 | D:6      | Reached skill level 10 in Conjurations
  6134 | D:6      | Noticed Duvessa
  6139 | D:6      | Noticed Dowan
  6144 | D:6      | Killed Duvessa
  6160 | D:6      | Killed Dowan
  6423 | D:6      | Reached XP level 9. HP: 45/46 MP: 6/23
  6584 | D:6      | Reached skill level 11 in Conjurations
  6688 | D:6      | Found a staircase to the Ecumenical Temple.
  6800 | D:6      | Found a shimmering blue altar of Sif Muna.
  6976 | D:6      | Found a sparkling altar of Nemelex Xobeh.
  6999 | D:6      | Noticed Sigmund
  7005 | D:6      | Killed Sigmund
  7115 | D:6      | Found a hide-covered altar of Uskayaw.
  7242 | D:7      | Reached **** piety under Ashenzari
  7809 | D:7      | Learned a level 5 spell: Arcjolt
  7969 | D:7      | Found Socehyha's Jewellery Shoppe.
  7980 | D:7      | Reached skill level 12 in Conjurations
  8632 | D:8      | Reached skill level 13 in Conjurations
  8632 | D:8      | Reached XP level 10. HP: 51/51 MP: 11/27
  9142 | D:8      | Noticed Maggie
  9150 | D:8      | Noticed Joseph
  9157 | D:7      | Killed Maggie
  9428 | D:8      | Killed Joseph
  9843 | D:8      | Noticed an orange demon
  9845 | D:8      | Noticed Amaemon
  9855 | D:7      | Killed an orange demon
  9985 | D:8      | Killed Amaemon
 10640 | D:8      | Reached skill level 14 in Conjurations
 10862 | D:9      | Reached skill level 10 in Spellcasting
 11113 | D:9      | Found a runed translucent gate.
 11335 | D:9      | Reached XP level 11. HP: 40/55 MP: 9/29
 11515 | D:9      | Reached skill level 15 in Conjurations
 11743 | D:9      | Found a blossoming altar of Fedhas.
 11786 | D:9      | Found a hazy altar of Hepliaklqana.
 11819 | D:9      | Demolished by a komodo dragon

Illustrated notes

Levels and vault maps discovered:
D:1:      spicycebolla_arrival_xxxplode, layout_basic,
          shapermc_ecumenical_altar_pompeii
D:2:      layout_loops_ring, basic_altar, kennysheep_generic_room_16
D:3:      layout_basic, mainiacjoe_overflow_paths,
          nicolae_overflow_two_pavilions
D:4:      layout_basic, lemuel_doored_altar
D:5:      kennysheep_kobold_camp, layout_loops_corners, gammafunk_ghost_hive,
          nicolae_take_the_stairs, grunt_ministairs_12
D:6:      layout_rooms, nicolae_overflow_hidden_temple, amcnicky_altar_gilded,
          nemelex_diamond_rough_becter, nicolae_sif_muna_condensation,
          temple_green, uniq_duvessa, uniq_sigmund
D:7:      layout_loops_corners, serial_shops, nicolae_stop_n_shop_1
D:8:      layout_cave_pods, hangedman_glass_teeth,
          chequers_serial_rivers_micro_b, uniq_amaemon, uniq_maggie, uniq_joseph
D:9:      layout_cave_pools, fedhas_altar_1, nzn_hepliaklqana_mist_gate,
          nicolae_wu_jian_wuxing_cycle, gammafunk_ghost_cemetery,
          serial_bayou_pond_a, grunt_decor_mini_mirrors

Skill      XL: |  1  2  3  4  5  6  7  8  9 10 11 |
---------------+----------------------------------+-----
Conjurations   | 6 7 9 10 13 14 15 | 15.1
Spellcasting   | 3 4 5 6 8 10 | 10.5
Short Blades   | 1 3 |  3.5
Summonings     | 2 3 |  3.2
Air Magic      | 4 |  4.0
Dodging        | |  2.1
Stealth        | |  2.0

Action                     |  1- 3 |  4- 6 |  7- 9 | 10-12 || total
---------------------------+-------+-------+-------+-------++-------
  Melee: Short sword       |    18 |       |    41 |     1 ||    60
         Kick              |     3 |       |    19 |     3 ||    25
         Peck              |     3 |       |     8 |     2 ||    13
         Long sword        |       |       |       |    10 ||    10
         Punch             |       |       |       |     1 ||     1
   Cast: Magic Dart        |    69 |   118 |   182 |    89 ||   458
         Searing Ray       |       |     3 |    18 |     9 ||    30
         Fulminant Prism   |       |       |     7 |    11 ||    18
         Iskenderun's Myst |       |       |     4 |     7 ||    11
         Arcjolt           |       |       |     2 |    24 ||    26
 Invoke: Curse Item        |     2 |     2 |     2 |       ||     6
         Shatter the Chain |       |       |       |     1 ||     1
  Evoke: Wand              |       |       |       |     4 ||     4
    Use: Potion            |       |       |     1 |       ||     1
 Armour: Robe              |     3 |     2 |    17 |    16 ||    38
  Dodge: Dodged            |    19 |     8 |    69 |   105 ||   201

Table legend: (Time is in decaauts)
 A = Elapsed time spent in this place.
 B = Non-inter-level travel time spent in this place.
 C = Inter-level travel time spent in this place.
 D = Time resting spent in this place.
 E = Time spent auto-exploring this place.
 F = Levels seen in this place.
 G = Mean time per level.
                   A        B        C        D        E       F      G
               +--------+--------+--------+--------+--------+-----+--------+
         Total |  11422 |  11153 |    269 |   2826 |   7062 |   9 | 1269.1 |
       Dungeon |  11422 |  11153 |    269 |   2826 |   7062 |   9 | 1269.1 |
               +--------+--------+--------+--------+--------+-----+--------+

Top non-repeatable levels by time:
     D:8: 1932 daAuts
     D:7: 1759 daAuts
     D:5: 1734 daAuts
     D:1: 1247 daAuts
     D:6: 1176 daAuts
     D:4: 1169 daAuts
     D:2: 936 daAuts
     D:3: 802 daAuts
     D:9: 663 daAuts
